 Dungeon Crawl Stone Soup version 0.27.1-2-g3b301248ec (webtiles) character file.

Game seed: 1627106632706717947

156 bnorton916 the Conjurer (level 5, -2/28 HPs)
             Began as a Deep Elf Conjurer on Sept 23, 2021.
             Slain by Grinder (6 damage)
             ... on level 3 of the Dungeon.
             The game lasted 00:02:40 (3088 turns).

bnorton916 the Conjurer (Deep Elf Conjurer)         Turns: 3088, Time: 00:02:40

Health: -2/28      AC:  2    Str:  4    XL:     5   Next: 14%
Magic:  6/15       EV: 12    Int: 24    God:
Gold:   64         SH:  0    Dex: 13    Spells: 12/15 levels left

rFire    . . .     SeeInvis .   (no weapon)
rCold    . . .     Faith    .   (no shield)
rNeg     . . .     Spirit   .   a - +0 robe
rPois    .         Reflect  .   (no helmet)
rElec    .         Harm     .   (no cloak)
rCorr    .         Rampage  .   (no gloves)
Will     .....                  (no boots)
Stlth    ++........             (no amulet)
HPRegen  0.09/turn              (no ring)
MPRegen  0.14/turn              (no ring)

@: no status effects
A: no striking features
a: no special abilities


You were on level 3 of the Dungeon.
You visited 1 branch of the dungeon, and saw 3 of its levels.

You collected 64 gold pieces.

Inventory:

Hand Weapons
 b - a +1 dagger of speed
Missiles
 m - 4 curare-tipped darts
Armour
 a - a +0 robe (worn)
Scrolls
 c - 2 scrolls of identify {unknown}
 e - a scroll of magic mapping {unknown}
 f - a scroll of amnesia {unknown}
 h - 3 scrolls of immolation {unknown}
 j - 3 scrolls of vulnerability {unknown}
 l - a scroll of teleportation {unknown}
Potions
 d - 5 potions of curing {unknown}
 g - 2 potions of attraction {unknown}
 i - a potion of flight {unknown}
 k - a potion of might {unknown}
 n - a potion of lignification {unknown}
 o - a potion of mutation {unknown}


   Skills:
 - Level 2.4 Dodging
 - Level 2.4 Stealth
 + Level 5.5 Spellcasting
 + Level 5.9 Conjurations


You had 12 spell levels left.
You knew the following spells:

 Your Spells              Type           Power      Damage    Failure   Level
a - Magic Dart            Conj           100%       1d8       1%          1
b - Searing Ray           Conj           70%        3d5       1%          2

Your spell library contained the following spells:

 Spells                   Type           Power      Damage    Failure   Level
 Dazzling Flash           Conj/Hex       40%        N/A       8%          3
 Freeze                   Ice            24%        1d5       9%          1
 Slow                     Hex            6%         N/A       13%         2
 Fulminant Prism          Conj/Hex       10%        3d9       24%         4
 Iskenderun's Mystic Bla  Conj/Tloc      20%        2d6       24%         4
 Confusing Touch          Hex            6%         N/A       26%         3
 Yara's Violent Unravell  Hex/Tmut       3%         3d4       93%         5


Dungeon Overview and Level Annotations

Branches:
Dungeon (3/15)

Altars:

Annotations:
D:3 Grinder


Message History

Unknown command.
Found 13 gold pieces.
Grinder gestures at you. You resist with significant effort.
You see here a +0 buckler.
Casting: Magic Dart (safe; 1% risk of failure)
Confirm with . or Enter, or press ? or * to list all spells.
Aiming: Searing Ray (safe; 1% risk of failure)
Press: ? - help, Shift-Dir - straight line, f/p - Grinder
Aim: Grinder (78% to hit)
The searing ray hits Grinder!
Grinder is lightly wounded. (Press . to maintain the ray.) Grinder gestures at you.
Pain shoots through your body!
The searing ray hits Grinder!
Grinder is moderately wounded.
The searing ray hits Grinder.
Grinder is heavily wounded.
Grinder gestures at you. Pain shoots through your body!
The searing ray misses Grinder.
You finish channeling your searing ray.
Grinder barely misses you.
Unknown command.
Casting: Searing Ray (safe; 1% risk of failure)
Confirm with . or Enter, or press ? or * to list all spells.
Aiming: Searing Ray (safe; 1% risk of failure)
Press: ? - help, Shift-Dir - straight line, f/p - Grinder
Aim: Grinder (heavily wounded, 78% to hit)
The searing ray hits Grinder.
Grinder is heavily wounded. (Press . to maintain the ray.) Grinder hits you.
The searing ray hits Grinder.
Grinder is severely wounded.
Grinder barely misses you.
The searing ray misses Grinder.
Grinder hits you!
* * * LOW HITPOINT WARNING * * *
You writhe in agony.
You die...

.........##..####..###
.....................§
.....................#
###....######.#......
#.##...........##
#.##.######..#.#
#.##.# ##.#.# #.##.#
#...# #.##.# ##.@#
#.##.# #..5...#
###.##.# #.###.##
≈.#.##.# ... #
.♣..##(# .... ≈.≈.##.#
...... ....##.#
....... ≈.≈....#
..$... .♣...<#####


You could see Grinder.

Vanquished Creatures
  A hound (D:2)
  An orc priest (D:2)
  An orc wizard (D:2)
  A dart slug (D:1)
  4 orcs
  7 endoplasms
  2 giant cockroaches (D:2)
  3 goblins (D:1)
  10 hobgoblins
  6 jackals
  2 kobolds (D:2)
  3 quokkas
  5 ball pythons
  5 bats
  2 frilled lizards
  7 rats
60 creatures vanquished.

Notes
Turn   | Place    | Note
-------+----------+-------------------------------------------
     0 | D:1      | bnorton916 the Deep Elf Conjurer began the quest for the
                  | Orb.
     0 | D:1      | Reached XP level 1. HP: 10/10 MP: 6/6
   304 | D:1      | Reached XP level 2. HP: 15/15 MP: 4/8
   895 | D:1      | Reached skill level 5 in Conjurations
   895 | D:1      | Reached XP level 3. HP: 19/19 MP: 8/10
   903 | D:1      | Learned a level 2 spell: Searing Ray
  1552 | D:1      | Found a faded altar of an unknown god.
  1557 | D:1      | Got Plato's Collected Works on the Snowflakes
  1740 | D:2      | Reached XP level 4. HP: 14/24 MP: 1/12
  2237 | D:2      | Reached skill level 5 in Spellcasting
  2318 | D:2      | Reached XP level 5. HP: 28/28 MP: 6/14
  3077 | D:3      | Noticed Grinder
  3088 | D:3      | Slain by Grinder

Illustrated notes

Levels and vault maps discovered:
D:1:      scummos_arrival_hexagon, layout_basic,
          shapermc_ecumenical_altar_rom_forum, minmay_misc_feat_rugged
D:2:      layout_loops_cross
D:3:      layout_basic, kennysheep_crisscross, palyth_stone_intersect,
          amcnicky_mini_corridor_feature, kennysheep_nub, uniq_robin,
          uniq_grinder, uniq_ijyb

Skill      XL: |  1  2  3  4 |
---------------+-------------+-----
Spellcasting   | 4 5 |  5.5
Conjurations   | 5 |  5.9
Dodging        | |  2.4
Stealth        | |  2.4

Action                   |  1- 3 |  4- 6 || total
-------------------------+-------+-------++-------
 Cast: Magic Dart        |    72 |    37 ||   109
       Searing Ray       |       |     5 ||     5
Armor: Robe              |       |     1 ||     1
Dodge: Dodged            |     6 |     2 ||     8
